 Dungeon Crawl Stone Soup version 0.27.1-1-g398f81649c (webtiles) character file.

Game seed: 13823498735151088484

23907 Kala the Grappler (level 12, -11/120 HPs)
             Began as a Troll Monk on Sept 7, 2021.
             Mangled by a rockslime (35 damage)
             ... on level 3 of the Pits of Slime.
             The game lasted 00:47:12 (10791 turns).

Kala the Grappler (Troll Monk)                     Turns: 10791, Time: 00:47:12

Health: -11/120    AC:  9    Str: 32    XL:     12   Next: 76%
Magic:  13/13      EV: 12    Int:  6    God:
Gold:   435        SH:  5    Dex: 12    Spells: 11/11 levels left

rFire    . . .     SeeInvis .     - Unarmed
rCold    . . .     Faith    .   (no shield)
rNeg     . . .     Spirit   .   P - +0 acid dragon scales
rPois    .         Reflect  +   c - +2 hat
rElec    .         Harm     .   f - +1 cloak
rCorr    +         Rampage  .   (gloves unavailable)
Will     .....                  (boots unavailable)
Stlth    +.........             F - amulet of reflection
HPRegen  1.30/turn              D - +4 ring of protection
MPRegen  0.13/turn              B - +6 ring of strength

@: marked, corroded
A: large, unfitting armour, claws 3, regeneration 1, shaggy fur 1, tough skin 1,
deterioration 1
a: no special abilities


You were on level 3 of the Pits of Slime.
You visited 4 branches of the dungeon, and saw 21 of its levels.
You also visited: Ossuary.

You collected 815 gold pieces.
You spent 380 gold pieces at shops.

Inventory:

Missiles
 o - 4 javelins
 A - 23 poisoned darts (quivered)
 L - 2 throwing nets
 T - 10 large rocks
 W - 3 silver boomerangs
Armour
 c - a +2 hat (worn)
 f - a +1 cloak (worn)
 P - +0 acid dragon scales (worn)
Jewellery
 a - a +4 ring of protection
 h - a +6 ring of intelligence
 l - a ring of protection from cold
 m - an amulet of magic regeneration
 B - a +6 ring of strength (right claw)
 D - a +4 ring of protection (left claw)
 F - an amulet of reflection (around neck)
 H - a ring of fire
 J - an amulet of faith
 X - a ring of magical power
Wands
 r - a wand of iceblast (12)
 M - a wand of acid (19)
 N - a wand of flame (18)
 Q - a wand of paralysis (10)
 V - a wand of mindburst (10)
Scrolls
 b - 10 scrolls of teleportation
 d - 3 scrolls of magic mapping
 g - a scroll of immolation
 i - a scroll of enchant weapon
 p - 5 scrolls of identify
 q - 3 scrolls of amnesia
 s - 2 scrolls of holy word
 t - a scroll of fog
 v - 3 scrolls of fear
 y - a scroll of acquirement {unknown}
 G - a scroll of silence {unknown}
 K - a scroll of vulnerability
 O - 4 scrolls of noise {unknown}
 S - a scroll of blinking {unknown}
Potions
 e - 2 potions of degeneration
 j - 2 potions of flight
 k - 5 potions of heal wounds
 n - 7 potions of curing
 u - a potion of ambrosia {unknown}
 w - 6 potions of haste
 x - a potion of mutation {unknown}
 z - 3 potions of cancellation {unknown}
 C - a potion of magic {unknown}
 E - 2 potions of lignification
 I - 2 potions of might
 R - a potion of berserk rage
 Y - a potion of invisibility {unknown}
Miscellaneous
 U - a piece from Xom's chessboard (15/15)


   Skills:
 + Level 8.2 Fighting
 + Level 8.2 Throwing
 + Level 4.2 Armour
 + Level 8.3 Dodging
 - Level 1.0 Stealth
 * Level 13.2 Unarmed Combat
 + Level 3.7 Invocations


You had 11 spell levels left.
You didn't know any spells.
Your spell library contained the following spells:

 Spells                   Type           Power      Damage    Failure   Level
 Magic Dart               Conj           0%         1d3       50%         1
 Call Imp                 Summ           0%         N/A       65%         2
 Passwall                 Tmut/Erth      0%         N/A       65%         2
 Mephitic Cloud           Conj/Pois/Air  0%         N/A       86%         3
 Ozocubu's Armour         Ice            0%         N/A       86%         3
 Stone Arrow              Conj/Erth      0%         3d7       86%         3
 Swiftness                Air            0%         N/A       86%         3
 Animate Armour           Summ/Erth      0%         N/A       99%         4
 Animate Dead             Necr           0%         N/A       99%         4
 Invisibility             Hex            0%         N/A       100%        6
 Haunt                    Necr/Summ      0%         N/A       100%        7
 Ozocubu's Refrigeration  Ice            0%         4d5       100%        7
 Infestation              Necr           0%         N/A       100%        8
 Lehudib's Crystal Spear  Conj/Erth      0%         10d2      100%        8


Dungeon Overview and Level Annotations

Branches:
Dungeon (11/15)            Temple (1/1) D:6            Lair (6/6) D:11
 Spider (0/4) Lair:2        Slime (3/5) Lair:5      Ossuary (visited)
  Swamp: Lair:2-4    Shoals: Lair:2-4       Orc: D:9-12

Altars:
Ashenzari
Cheibriados
Dithmenos
Elyvilon
Fedhas
Gozag
Hepliaklqana
Kikubaaqudgha
Makhleb
Nemelex Xobeh
Okawaru
Qazlal
Ru
Sif Muna
Trog
Uskayaw
Vehumet
Wu Jian
Xom
Yredelemnul
Zin
The Shining One

Shops:
D:2 ?(:   D:7 ?(**   D:10 [!

Annotations:
D:4 3 runed translucent doors, Erymatos's ghost, amateur MiBe; Linguinho's ghost, novice GrFi; arbitraryname's ghost, amateur SpBr; pzskc383's ghost, amateur GrFi


Innate Abilities, Weirdness & Mutations

You are too large for most types of armour.
You have claws for hands.
Your natural rate of healing is unusually fast.
You are covered in fur. (AC +1)
You have tough skin. (AC +1)
Your body sometimes deteriorates upon taking damage.


Message History

The azure jelly hits you but does no damage.
The azure jelly closely misses you.
The azure jelly hits you but does no damage. x2
Two slime creatures merge to form a large slime creature.
There is a stone staircase leading down here.
The rockslime completely misses you. The azure jelly closely misses you.
The azure jelly hits you but does no damage. x3
The rockslime hits you!
You stumble backwards!
You stop descending the stairs.
The azure jelly hits you! The azure jelly freezes you!!
The azure jelly hits you but does no damage.
The azure jelly barely misses you. The azure jelly hits you.
Unknown command.
An acid blob comes into view.
A shining eye comes into view.
The acid blob spits acid at you. The splash of acid hits you. You resist.
The acid corrodes you!
You are splashed with acid.
You resist.
A slime creature comes into view.
An acid blob comes into view.
The shining eye gazes at you.
Strange energies course through your body.
You feel yourself wasting away. 2 slime creatures come into view.
The acid blob spits acid at you. The splash of acid hits you. You resist.
You are splashed with acid.
You resist.
A slime creature comes into view.
You are splashed with acid.
You resist.
Two slime creatures merge to form a large slime creature.
The rockslime hits you but does no damage.
The acid blob closely misses you.
A slime creature comes into view.
A great orb of eyes comes into view.
The acid blob hits you!!
* * * LOW HITPOINT WARNING * * *
The acid corrodes you!
You are splashed with acid.
You resist.
* * * LOW HITPOINT WARNING * * *
Two slime creatures merge to form a large slime creature.
There is an escape hatch in the ceiling, spattered with blood here.
The rockslime hits you!!
You die...

... ........###
..G##.........#
....#.J..............#.
#.....................
#...J................#
#.....J......G......# #
#..JJ..............#.#
#....@J#..............
#....JJ..#............
##....J.J.....<.......
##.....J.J.......#...
#......J............
#.........>........#
#...................
#...............#...
##.###.#............


You could see 2 acid blobs, 2 azure jellies, a great orb of eyes, 4 large slime
creatures, 4 slime creatures, a rockslime and a shining eye.

Vanquished Creatures
  Harold (D:8)
  A boulder beetle (D:11)
  A centaur warrior (D:11)
  4 death yaks (Lair:2)
  2 two-headed ogres (D:10)
  A deep elf pyromancer (D:11)
  A wolf spider (Lair:2)
  2 cyclopes (D:11)
  A manticore (D:11)
  An ugly thing (D:11)
  2 black mambas
  4 cane toads
  4 komodo dragons
  3 kobold demonologists (D:11)
  A rime drake (Lair:6)
  Maggie (D:8)
  2 trolls
  A hornet (D:10)
  3 blink frogs (Lair:5)
  A vampire (D:10)
  A centaur simulacrum (D:11)
  A redback (Lair:2)
  A shadow (D:11)
  2 wyverns (Lair:4)
  A basilisk (Lair:5)
  15 yaks
  Eustachio (D:4)
  Grum (Lair:1)
  5 golden eyes (Slime:1)
  4 vampire mosquitoes (D:11)
  5 acid dragons
  8 water moccasins
  A hornet zombie (D:6)
  4 orc warriors
  A sky beast (D:6)
  3 necrophages
  3 ogres
  2 centaurs
  9 wolves
  A phantom (D:7)
  A kobold brigand (D:8)
  An elf zombie (Ossuary)
  3 bullfrogs
  2 scorpions (D:5)
  A water moccasin zombie (D:6)
  A troll zombie (Ossuary)
  A water moccasin skeleton (D:6)
  5 killer bees
  13 wights
  3 howler monkeys
  A bullfrog zombie (D:7)
  6 centaur zombies
  A bullfrog skeleton (D:4)
  A jelly (D:8)
  2 orc priests (D:8)
  2 hounds
  2 gnoll shamans (D:9)
  2 orc wizards
  2 iguanas
  An ogre zombie (Ossuary)
  7 mummies (Ossuary)
  A howler monkey zombie (D:5)
  11 gnolls
  6 adders
  2 white imps
  An adder skeleton (D:4)
  An adder zombie (Ossuary)
  4 worms
  9 dart slugs (D:3)
  27 orcs
  6 endoplasms
  4 giant cockroaches
  9 goblins
  10 hobgoblins
  4 quokkas
  11 ball pythons
  9 bats
  9 frilled lizards
  4 goblin zombies (Ossuary)
  7 hobgoblin zombies (Ossuary)
  A jackal skeleton (D:4)
  17 kobolds
  5 kobold zombies (Ossuary)
  4 quokka zombies (Ossuary)
  3 rats
  A rat zombie (Ossuary)
330 creatures vanquished.

Vanquished Creatures (others)
  A fungus (Lair:4)
  39 plants
40 creatures vanquished.

Grand Total: 370 creatures vanquished

Notes
Turn   | Place    | Note
-------+----------+-------------------------------------------
     0 | D:1      | Kala the Troll Monk began the quest for the Orb.
     0 | D:1      | Reached XP level 1. HP: 22/22 MP: 0/0
   164 | D:1      | Reached XP level 2. HP: 29/29 MP: 1/1
   473 | D:1      | Reached XP level 3. HP: 36/36 MP: 2/2
   783 | D:2      | Found Beank's Antique Weapon Emporium.
   791 | D:2      | Reached skill level 4 in Unarmed Combat
   836 | D:2      | Found Utadazum's Magic Scroll Shoppe.
   847 | D:2      | Reached XP level 4. HP: 38/44 MP: 3/3
   874 | D:2      | Bought a scroll of identify for 24 gold pieces
   923 | D:2      | Found Hips's Book Emporium.
  1181 | D:3      | Noticed an ogre
  1188 | D:3      | Killed an ogre
  1189 | D:3      | Reached XP level 5. HP: 22/53 MP: 4/4
  1449 | D:3      | Reached skill level 5 in Unarmed Combat
  1497 | D:3      | Found an ornate altar of the Wu Jian Council.
  1982 | D:3      | Found a bloodstained altar of Trog.
  2067 | D:2      | Bought a scroll of enchant armour for 90 gold pieces
  2085 | D:4      | Noticed a necrophage
  2093 | D:4      | Killed a necrophage
  2094 | D:4      | Reached XP level 6. HP: 61/61 MP: 5/5
  2146 | D:4      | Found a runed translucent gate.
  2147 | D:4      | Found a runed translucent gate.
  2147 | D:4      | Found a runed translucent gate.
  2148 | D:4      | Noticed Linguinho's ghost (novice GrFi)
  2148 | D:4      | Noticed pzskc383's ghost (amateur GrFi)
  2148 | D:4      | Noticed Linguinho's ghost (novice GrFi)
  2148 | D:4      | Noticed Erymatos's ghost (amateur MiBe)
  2272 | D:4      | Reached skill level 1 in Throwing
  2332 | D:4      | Found a white marble altar of Elyvilon.
  2351 | D:4      | Noticed Eustachio
  2422 | D:4      | Killed Eustachio
  2423 | D:4      | Reached skill level 6 in Unarmed Combat
  2423 | D:4      | Reached XP level 7. HP: 61/68 MP: 6/6
  2786 | D:4      | Noticed arbitraryname's ghost (amateur SpBr)
  2977 | D:5      | Entered Level 5 of the Dungeon
  3336 | D:5      | Reached XP level 8. HP: 73/78 MP: 7/7
  3519 | D:5      | Found a burning altar of Makhleb.
  3547 | D:5      | Reached skill level 7 in Unarmed Combat
  3800 | D:6      | Found a sand-covered staircase.
  3805 | Ossuary  | Entered an ossuary
  4331 | D:6      | Found a staircase to the Ecumenical Temple.
  4338 | Temple   | Entered the Ecumenical Temple
  4771 | D:6      | Reached skill level 8 in Unarmed Combat
  4841 | D:6      | Reached skill level 5 in Fighting
  4841 | D:6      | Reached skill level 5 in Dodging
  4953 | D:6      | Reached XP level 9. HP: 44/88 MP: 8/8
  5182 | D:7      | Found Tups's Assorted Antiques.
  5237 | D:7      | Found a shimmering altar of Xom.
  5294 | D:7      | Found Jish's Weapon Shoppe.
  5316 | D:7      | Found Gufiy's Magic Scroll Emporium.
  5488 | D:7      | Found Ciqosavvi's Assorted Antiques.
  5491 | D:7      | Bought a tiny fluorescent amulet for 140 gold pieces
  5985 | D:8      | Reached skill level 9 in Unarmed Combat
  6286 | D:8      | Noticed Harold
  6295 | D:8      | Killed Harold
  6296 | D:8      | Reached skill level 5 in Throwing
  6296 | D:8      | Reached XP level 10. HP: 39/98 MP: 9/9
  6439 | D:8      | Noticed Maggie
  6452 | D:8      | Killed Maggie
  6453 | D:8      | Reached skill level 10 in Unarmed Combat
  6559 | D:9      | You fall into a shaft and drop 1 floor!
  6559 | D:10     | Entered Level 10 of the Dungeon
  6559 | D:10     | Found a radiant altar of Vehumet.
  6674 | D:9      | Found a glowing silver altar of Zin.
  7369 | D:10     | Noticed a two-headed ogre
  7378 | D:10     | Killed a two-headed ogre
  7437 | D:10     | Found Zecidun's Armour Shop.
  7504 | D:10     | Found a glowing golden altar of the Shining One.
  7601 | D:10     | Found Xoufo Rimia's Distillery.
  7609 | D:10     | Bought a potion of might for 56 gold pieces
  7609 | D:10     | Bought a potion of berserk rage for 70 gold pieces
  7621 | D:10     | Noticed a two-headed ogre
  7626 | D:10     | Killed a two-headed ogre
  7696 | D:10     | Found a hide-covered altar of Uskayaw.
  7697 | D:10     | Found a broken altar of Ashenzari.
  7877 | D:10     | Reached skill level 11 in Unarmed Combat
  8226 | D:11     | Noticed a cyclops
  8231 | D:11     | Killed a cyclops
  8232 | D:11     | Reached XP level 11. HP: 107/107 MP: 10/10
  8274 | D:11     | Noticed a brown ugly thing
  8281 | D:11     | Noticed a deep elf pyromancer
  8288 | D:11     | Killed a brown ugly thing
  8292 | D:11     | Noticed a boulder beetle
  8296 | D:11     | Reached skill level 1 in Armour
  8307 | D:11     | Killed a boulder beetle
  8324 | D:11     | Killed a deep elf pyromancer
  8354 | D:11     | Noticed a centaur warrior
  8363 | D:11     | Killed a centaur warrior
  8551 | D:11     | Reached skill level 12 in Unarmed Combat
  8593 | D:11     | Found a staircase to the Lair.
  8699 | D:11     | Reached skill level 1 in Invocations
  8706 | D:11     | Noticed a sun demon
  9332 | Lair:1   | Entered Level 1 of the Lair of Beasts
  9555 | Lair:1   | Noticed Grum
  9573 | Lair:1   | Killed Grum
  9627 | Lair:2   | Found a hole to the Spider Nest.
  9629 | Lair:2   | Noticed a wolf spider
  9637 | Lair:2   | Killed a wolf spider
  9638 | Lair:2   | Reached XP level 12. HP: 113/119 MP: 12/12
  9689 | Lair:2   | Noticed a death yak
  9689 | Lair:2   | Noticed a death yak
  9699 | Lair:2   | Noticed a death yak
  9701 | Lair:2   | Noticed a death yak
  9705 | Lair:2   | Killed a death yak
  9717 | Lair:2   | Killed a death yak
  9723 | Lair:2   | Killed a death yak
  9728 | Lair:2   | Killed a death yak
  9777 | Lair:2   | Noticed a four-headed hydra
 10157 | Lair:6   | Entered Level 6 of the Lair of Beasts
 10209 | Lair:6   | Noticed a five-headed hydra
 10231 | Lair:5   | Reached skill level 13 in Unarmed Combat
 10644 | Lair:5   | Found a staircase to the Slime Pits.
 10653 | Slime:1  | Entered Level 1 of the Pits of Slime
 10768 | Slime:1  | Noticed an acid blob
 10774 | Slime:2  | Noticed an azure jelly
 10779 | Slime:3  | Noticed a rockslime
 10781 | Slime:3  | Noticed an azure jelly
 10785 | Slime:3  | Noticed an acid blob
 10787 | Slime:3  | Noticed an acid blob
 10787 | Slime:3  | Gained mutation: Your body sometimes deteriorates upon
                  | taking damage. [a shining eye]
 10790 | Slime:3  | Noticed a great orb of eyes
 10791 | Slime:3  | Mangled by a rockslime

Illustrated notes

Levels and vault maps discovered:
D:1:      dpeg_arrival_rhombus, layout_rooms, columned_hall_lemuel,
          minmay_pentomino_t4
D:2:      layout_rooms, serial_shops, nicolae_shop_statue_plus, shop,
          nicolae_shop_stone
D:3:      kennysheep_slugbush, layout_loops_ring, nicolae_wu_jian_wuxing_cycle,
          marbit_many_paths, small_statue_intersection, serial_bayou_pond_c,
          grunt_ministairs_10
D:4:      layout_cave_pods, elyvilon_altar_5, gammafunk_ghost_cemetery,
          uniq_eustachio
D:5:      layout_gridville, lightli_temple_of_fire, minmay_stone_trees_large
D:6:      layout_basic, minmay_temple_entry_overgrown,
          lightli_ossuary_entry_decrepit_ruins
D:7:      layout_loops_ring, mainiacjoe_overflow_catwalk, serial_shops, shop,
          shop, kennysheep_mini, nicolae_shop_behind_doors,
          hangedman_decor_diamond_cutter
D:8:      layout_basic, uniq_maggie, uniq_harold
D:9:      layout_basic, old_standard_altar
D:10:     layout_gridville, nicolae_tso_carved_into_rock, amcnicky_altar_gilded,
          gammafunk_temple_overflow_statue, serial_shops, shop,
          hangedman_abyss_or_decor_stabs, nicolae_take_the_stairs
D:11:     layout_gridville, david_lair_shrubbed, minmay_pinched_square
Temple:   minmay_temple_forest_path
Lair:1:   layout_layer_cave, grunt_megastairs_4, serial_bayou_shore_b, uniq_grum
Lair:2:   layout_hall_layers, minmay_swamp_entry_worms,
          spider_nest_entry_funnel_web
Lair:3:   layout_gridlike
Lair:4:   layout_roguey, basic_altar, infiniplex_staircase_pool,
          grunt_megastairs_5
Lair:5:   layout_cave_shapes, dpeg_slime_entry_corner
Lair:6:   evilmike_catoblepas_cave, layout_layer_cave, serial_forest,
          infiniplex_forest_zigzag_2, infiniplex_forest_clump_C,
          infiniplex_forest_clump_tiny, infiniplex_forest_clump_C,
          infiniplex_forest_lined_ring, special_room
          [special_room_mythical_zoo], lemuel_fruit_fields, lemuel_fruit_tree
Slime:1:  cheibrodos_slime_lost_civilization_8, layout_caves
Slime:2:  layout_caves, uniq_donald
Slime:3:  layout_caves

Skill      XL: |  1  2  3  4  5  6  7  8  9 10 11 12 |
---------------+-------------------------------------+-----
Unarmed Combat | 4 5 6 8 9 11 12 13 | 13.2
Fighting       | 3 4 5 6 7 8 |  8.2
Dodging        | 3 4 5 6 7 8 |  8.3
Throwing       | 1 2 3 5 6 7 8 |  8.2
Armour         | 2 4 |  4.2
Invocations    | 2 3 |  3.7
Stealth        | |  1.0

Action                   |  1- 3 |  4- 6 |  7- 9 | 10-12 || total
-------------------------+-------+-------+-------+-------++-------
Melee: Unarmed           |   107 |   184 |   313 |   384 ||   988
       Punch             |     1 |     3 |     8 |    29 ||    41
Throw: Javelin           |       |    11 |    55 |    62 ||   128
       Dart              |       |       |       |    50 ||    50
       Large rock        |       |       |       |     4 ||     4
  Use: Scroll            |     1 |     3 |     1 |    12 ||    17
 Stab: Sleeping          |     1 |     1 |     2 |       ||     4
Armor: Robe              |    58 |    78 |   101 |     2 ||   239
       Acid dragon scale |       |       |       |   137 ||   137
       Steam dragon scal |       |       |       |     5 ||     5
Dodge: Dodged            |    62 |   102 |   140 |   138 ||   442
Block: Other             |       |       |    21 |    72 ||    93
       Reflection        |       |       |       |     4 ||     4
